 Dungeon Crawl Stone Soup version 0.20-a0-1124-g2e29d97 (webtiles) character file.

7345 Megalobster the Destroyer (level 10, -10/58 HPs)
             Began as a Deep Elf Conjurer on May 16, 2017.
             Was a Priest of Vehumet.
             Mangled by a minotaur
             ... wielding a +1 battleaxe of flaming
              (16 damage)
             ... in a labyrinth.
             The game lasted 00:52:59 (12370 turns).

Megalobster the Destroyer (Deep Elf Conjurer)      Turns: 12370, Time: 00:53:00

Health: -10/58     AC:  6    Str:  5    XL:     10   Next: 91%
Magic:  4/35       EV: 17    Int: 27    God:    Vehumet [***...]
Gold:   531        SH:  0    Dex: 15    Spells: 10/29 levels left

rFire    . . .     SeeInvis .   d - staff of air (curse)
rCold    . . .     Gourm    .   (no shield)
rNeg     + . .     Faith    .   n - +0 robe {MR+}
rPois    +         Spirit   .   q - +0 helmet
rElec    +         Reflect  .   (no cloak)
rCorr    .         Harm     +   G - +0 pair of gloves
MR       ++...                  C - +1 pair of boots of the Elven Halls {rN+ MP+9 Int+3}
Stlth    ++........             z - amulet of harm
Regen    0.2/turn               f - ring of poison resistance
MPRegen  0.3/turn               y - ring of wizardry

@: no status effects
A: no striking features
a: Renounce Religion


You were in a labyrinth.
You worshipped Vehumet.
Vehumet was most pleased with you.
You were not hungry.

You visited 3 branches of the dungeon, and saw 11 of its levels.
You also visited: Labyrinth.

You collected 855 gold pieces.
You spent 324 gold pieces at shops.

Inventory:

Hand Weapons
 u - a +0 hunting sling
 D - a +2 dagger of speed
Missiles
 h - 225 stones (quivered)
 k - 90 sling bullets
Armour
 n - a +0 robe of magic resistance (worn)
 q - a +0 helmet (worn)
 C - the +1 pair of boots of the Elven Halls (worn) {rN+ MP+9 Int+3}
   (You found it on level 4 of the Dungeon)

   It affects your intelligence (+3).
   It protects you from negative energy.
   It affects your magic capacity (+9).
 G - a +0 pair of gloves (worn)
Magical Staves
 d - a cursed staff of air (weapon)
Jewellery
 f - a ring of poison resistance (left hand)
 y - a ring of wizardry (right hand)
 z - an amulet of harm (around neck)
Wands
 R - a wand of iceblast (3/15)
Scrolls
 a - a scroll of blinking
 g - 2 scrolls of fear
 j - a scroll of silence
 p - a scroll of magic mapping
 s - a scroll of immolation
 H - 2 scrolls of amnesia
 I - 2 scrolls of holy word {unknown}
 J - 2 scrolls of teleportation
Potions
 b - a potion of berserk rage
 e - a potion of magic
 i - 2 potions of haste
 m - 2 potions of flight
 r - 4 potions of curing
 t - a potion of mutation
 x - a potion of invisibility
 A - a potion of agility
 B - a potion of lignification
 E - 2 potions of heal wounds
 F - a potion of brilliance
Comestibles
 c - 6 bread rations
 v - 8 meat rations
 L - 7 fruits


   Skills:
 + Level 4.7 Fighting
 + Level 2.7 Armour
 + Level 7.6 Dodging
 - Level 2.4 Stealth
 + Level 10.0 Spellcasting
 * Level 11.9 Conjurations
 - Level 6.0 Hexes
 - Level 3.4 Translocations
 * Level 2.0 Fire Magic


You had 10 spell levels left.
You knew the following spells:

 Your Spells              Type           Power        Failure   Level  Hunger
a - Magic Dart            Conj           ####         1%          1    None
b - Searing Ray           Conj           ######       1%          2    None
c - Iskenderun's Mystic   Conj           ######..     1%          4    None
d - Fulminant Prism       Conj/Hex       ######....   1%          4    None
e - Force Lance           Conj/Tloc      ######..     1%          4    None
f - Throw Flame           Conj/Fire      ######       1%          2    None
g - Swiftness             Chrm/Air       ###.....     2%          2    None


Dungeon Overview and Level Annotations

Branches:
Dungeon (9/15)             Temple (1/1) D:5            Lair (1/6) D:8
    Orc (0/2) D:9

Altars:
Ashenzari
Dithmenos
Elyvilon
Fedhas
Hepliaklqana
Makhleb
Nemelex Xobeh
Okawaru
Qazlal
Ru
Sif Muna
Trog
Uskayaw
Vehumet
Yredelemnul
Zin
The Shining One
Beogh

Shops:
D:6 *?


Message History

Aiming: Force Lance
Press: ? - help, Shift-Dir - straight line, f/p - minotaur
Aim: a minotaur, wielding a battleaxe of flaming, wearing a runed chain mail and wearing a sapphire ring (almost dead)
The lance of force hits the minotaur.
The minotaur is almost dead.
The minotaur hits you with a battleaxe of flaming!!
* * * LOW HITPOINT WARNING * * *
The minotaur burns you.
* * * LOW HITPOINT WARNING * * *
The minotaur gores you.
* * * LOW HITPOINT WARNING * * *
Casting: Force Lance
Confirm with . or Enter, or press ? or * to list all spells.
Aiming: Force Lance
Press: ? - help, Shift-Dir - straight line, f/p - minotaur
Aim: a minotaur, wielding a battleaxe of flaming, wearing a runed chain mail and wearing a sapphire ring (almost dead)
The lance of force hits the minotaur.
The minotaur is almost dead.
The minotaur hits you with a battleaxe of flaming!
You die...

# #.....# #..
.# # #.### ..#
# ## .#<#.#.# #
# #...#.#.....
#.#.#.#.#.## .#
#.....#.#.# .
####..#H#.#.###
#.#..@.......
#.#.#.#.###.#
..#.#...# . #
##### #. #. #
###


You could see a minotaur.

Vanquished Creatures
  A two-headed ogre (D:8)
  The ghost of North the Destroyer, a novice TeAE of Sif Muna (D:8)
  Grinder (D:4)
  A blink frog (D:8)
  Prince Ribbit (D:5)
  A hippogriff (D:6)
  2 yaks (D:8)
  Eustachio (D:4)
  A wyvern (D:8)
  A hungry ghost (D:9)
  Duvessa (D:7)
  9 orc warriors
  An eye of draining (D:9)
  2 porcupines
  A sky beast (D:6)
  A black bear (D:6)
  A phantom (D:9)
  3 ice beasts
  3 ogres
  2 centaurs
  Blork the orc (D:4)
  2 bullfrogs
  A gnoll sergeant (D:8)
  Dowan (D:7)
  4 scorpions
  A howler monkey (D:4)
  4 wights (D:7)
  3 crimson imps
  A bullfrog zombie (D:5)
  A quasit (D:8)
  3 jellies
  13 orc priests
  A bullfrog skeleton (D:4)
  13 orc wizards
  7 worker ants
  Natasha (thrice) (D:4)
  2 hound skeletons
  3 worker ant zombies
  A howler monkey skeleton (D:5)
  12 gnolls
  13 adders
  2 oozes
  An adder skeleton (D:5)
  4 worms
  A dart slug (D:1)
  8 leopard geckos
  58 orcs
  9 giant cockroaches
  7 hobgoblins
  14 jackals
  6 quokkas
  14 bats
  6 frilled lizards
  14 goblins
  A jackal skeleton (D:5)
  A jackal zombie (D:6)
  9 kobolds
  A leopard gecko skeleton (D:8)
  A leopard gecko zombie (D:5)
  4 rats
  A plant (D:8)
287 creatures vanquished.

Vanquished Creatures (others)
  72 fulminant prisms
  8 fungi (D:8)
  2 plants (D:8)
82 creatures vanquished.

Grand Total: 369 creatures vanquished

Notes
Turn   | Place    | Note
-------+----------+-------------------------------------------
     0 | D:1      | Megalobster the Deep Elf Conjurer began the quest for the Orb.
     0 | D:1      | Reached XP level 1. HP: 10/10 MP: 6/6
   302 | D:1      | Reached XP level 2. HP: 15/15 MP: 2/8
   378 | D:1      | Learned a level 2 spell: Searing Ray
   770 | D:1      | Reached skill level 5 in Conjurations
   917 | D:1      | Reached XP level 3. HP: 19/19 MP: 7/10
  1439 | D:2      | Found a glowing silver altar of Zin.
  1686 | D:2      | Reached XP level 4. HP: 24/24 MP: 7/12
  1763 | D:2      | Learned a level 4 spell: Iskenderun's Mystic Blast
  1768 | D:2      | Learned a level 4 spell: Fulminant Prism
  2233 | D:3      | Reached skill level 1 in Hexes
  2574 | D:3      | Reached skill level 6 in Conjurations
  2586 | D:3      | Reached XP level 5. HP: 25/28 MP: 9/14
  2915 | D:3      | Reached skill level 5 in Spellcasting
  3354 | D:4      | Found a shattered altar of Ashenzari.
  3354 | D:4      | Noticed an ice beast
  3360 | D:4      | Killed an ice beast
  3360 | D:4      | Reached XP level 6. HP: 32/32 MP: 1/16
  3549 | D:4      | Noticed Blork the orc
  3550 | D:4      | Noticed Natasha
  3556 | D:4      | Killed Natasha
  3556 | D:4      | Killed Blork the orc
  3556 | D:4      | Reached skill level 7 in Conjurations
  3790 | D:4      | Got a pair of translucent boots
  3796 | D:4      | Identified the +1 pair of boots of the Elven Halls {rN+ MP+9 Int+3} (You found it on level 4 of the Dungeon)
  3992 | D:4      | Noticed Grinder
  4001 | D:4      | Killed Grinder
  4001 | D:4      | Reached XP level 7. HP: 36/36 MP: 14/18
  4022 | D:4      | Learned a level 4 spell: Force Lance
  4238 | D:4      | Noticed Natasha
  4358 | D:4      | Killed Natasha
  4547 | D:4      | Noticed Eustachio
  4554 | D:4      | Killed Eustachio
  4554 | D:4      | Reached skill level 1 in Fighting
  4554 | D:4      | Reached skill level 1 in Translocations
  4562 | D:4      | Noticed Natasha
  4565 | D:4      | Killed Natasha
  4673 | D:4      | Reached skill level 8 in Conjurations
  4905 | D:5      | Entered Level 5 of the Dungeon
  4938 | D:5      | Reached XP level 8. HP: 43/43 MP: 20/20
  5091 | D:5      | Reached skill level 5 in Hexes
  5533 | D:5      | Noticed Prince Ribbit
  5547 | D:5      | Killed Prince Ribbit
  5927 | D:5      | Found a staircase to the Ecumenical Temple.
  5936 | Temple   | Entered the Ecumenical Temple
  5981 | Temple   | Became a worshipper of Vehumet
  6600 | D:6      | Reached skill level 9 in Conjurations
  6765 | D:6      | Found Licewe's Magic Scroll Boutique.
  6774 | D:6      | Bought a scroll of remove curse for 33 gold pieces
  6856 | D:6      | Bought a scroll of blinking for 82 gold pieces
  6856 | D:6      | Bought a scroll of identify for 22 gold pieces
  6856 | D:6      | Bought a scroll of teleportation for 33 gold pieces
  7307 | D:6      | Reached XP level 9. HP: 49/49 MP: 22/22
  7413 | D:6      | Found Nigeli's General Store.
  7416 | D:6      | Bought a potion of heal wounds for 70 gold pieces
  7416 | D:6      | Bought a potion of brilliance for 56 gold pieces
  7416 | D:6      | Bought a scroll of identify for 28 gold pieces
  7535 | D:7      | Noticed Duvessa
  7537 | D:7      | Noticed Dowan
  7538 | D:7      | Killed Duvessa
  7538 | D:7      | Killed Dowan
  7548 | D:7      | Reached skill level 5 in Dodging
  7829 | D:7      | Found a burning altar of Makhleb.
  7830 | D:7      | Found a sparkling altar of Nemelex Xobeh.
  7906 | D:7      | Reached * piety under Vehumet
  7906 | D:7      | Offered knowledge of Sting by Vehumet.
  8408 | D:8      | Reached skill level 10 in Conjurations
  8507 | D:8      | Noticed North's ghost (novice TeAE)
  8511 | D:8      | Killed North's ghost
  8676 | D:8      | Reached skill level 1 in Armour
  8676 | D:8      | Reached XP level 10. HP: 56/56 MP: 8/25
  9191 | D:8      | Reached ** piety under Vehumet
  9191 | D:8      | Offered knowledge of Shock by Vehumet.
  9420 | D:8      | Reached skill level 11 in Conjurations
  9584 | D:8      | Identified the Almanac of Evil and Protection
  9609 | D:8      | Found a staircase to the Lair.
  9808 | D:8      | Found a hazy altar of Hepliaklqana.
 10078 | D:8      | Noticed a two-headed ogre
 10084 | D:8      | Killed a two-headed ogre
 10653 | D:9      | Offered knowledge of Throw Flame by Vehumet.
 10659 | D:9      | Learned a level 2 spell: Throw Flame
 11061 | D:9      | Reached skill level 1 in Fire Magic
 11097 | D:9      | Reached *** piety under Vehumet
 11303 | D:9      | Found a roughly hewn altar of Beogh.
 11303 | D:9      | Found a staircase to the Orcish Mines.
 11783 | D:8      | Reached skill level 10 in Spellcasting
 11805 | D:8      | Learned a level 2 spell: Swiftness
 11807 | Lair:1   | Entered Level 1 of the Lair of Beasts
 11872 | Lair:1   | Found a labyrinth entrance.
 11881 | Lab      | Entered a labyrinth
 12359 | Lab      | Noticed a minotaur
 12370 | Lab      | Mangled by a minotaur

Vault maps used:
D:1:      saegor_arrival_simple_a
D:2:      overflow_temple_1_default, first_bread
D:4:      minmay_crystal_water, cheibrodos_ashenzari_chains, uniq_grinder,
          uniq_blork_the_orc, uniq_natasha, uniq_eustachio
D:5:      minmay_temple_entry_statues_fountains, uniq_prince_ribbit1
D:6:      serial_shops, kennysheep_mini,
          nicolae_shop_competitors_out_of_business
D:7:      gammafunk_temple_overflow_statue, uniq_duvessa
D:8:      minmay_goldmine, kennysheep_little_box, grunt_lair_entry_orc_guard_hut
D:9:      david_orc_5
Temple:   eino_narrow_crystal_temple
Lair:1:   lab_entry_generic, grunt_megastairs_1
Lab:      labyrinth_green

Skill      XL: |  1  2  3  4  5  6  7  8  9 10 |
---------------+-------------------------------+-----
Spellcasting   | 4 5 6 7 9 10 | 10.0
Conjurations   | 5 6 7 8 9 10 11 | 11.9
Hexes          | 1 2 4 6 |  6.0
Fighting       | 1 2 3 4 |  4.7
Translocations | 2 3 |  3.4
Dodging        | 3 4 6 7 |  7.6
Armour         | 1 2 |  2.7
Fire Magic     | 2 |  2.0
Stealth        | |  2.4

Action                   |  1- 3 |  4- 6 |  7- 9 | 10-12 || total
-------------------------+-------+-------+-------+-------++-------
Melee: Dagger            |     3 |    17 |       |       ||    20
       Staff             |       |       |       |     2 ||     2
 Cast: Magic Dart        |    70 |    44 |    36 |    28 ||   178
       Searing Ray       |     6 |    16 |    23 |    24 ||    69
       Fulminant Prism   |       |    11 |    32 |    29 ||    72
       Iskenderun's Myst |       |     2 |    20 |    15 ||    37
       Force Lance       |       |       |    24 |    16 ||    40
  Use: Scroll            |       |     2 |    11 |     6 ||    19
  Eat: Chunk             |     2 |     7 |    11 |     5 ||    25
       Bread ration      |       |     1 |       |       ||     1
       Meat ration       |       |       |     1 |       ||     1
       Royal jelly       |       |       |       |     3 ||     3
Armor: Robe              |     1 |     3 |       |     2 ||     6
       Skin              |       |     2 |       |       ||     2
Dodge: Dodged            |    12 |    23 |     7 |    17 ||    59
